Description

This a build order that Rogue used against Zest in the IEM Katowice 2020 competition

VOD

https://youtube.com/watch?v=tBdMdNLjtbU

Replay - Rogue v Zest: Game 4 - World of Sleepers LE

Build Order

Get SALT Encoding   

  12  0:00  Drone  
  13  0:12  Overlord  
  13  0:16  Drone  
  14  0:31  Drone  
  15  0:43  Hatchery  
  15  0:47  Drone x2  
  15  0:54  Drone x2  
  18  1:08  Extractor  
  17  1:15  Spawning Pool  
  17  1:18  Drone x2  
  18  1:30  Drone  
  20  1:52  Hatchery  
  21  2:06  Queen  
  24  2:19  Queen  
  26  2:25  Overlord  
  27  2:31  Zergling x2  
  31  2:46  Zergling x2  
  32  2:52  Queen  
  36  3:06  Queen  
  36  3:07  Overlord  
  46  3:32  Overlord  
  46  3:39  Roach Warren  
  49  3:42  Overlord  
  49  3:45  Lair  
  50  3:52  Extractor x2  
  55  4:19  Roach x7  
  69  4:28  Roach x3  
  78  4:45  Glial Reconstitution  
  78  4:54  Extractor  
  86  5:18  Overseer  
  88  6:25  Queen  
  90  6:28  Evolution Chamber  
  92  6:36  Extractor x2  
  96  7:08  Overseer  
  96  7:10  Ravager x4  
  114  7:36  Zerg Missile Weapons Level 1  
  114  7:38  Metabolic Boost  
  128  7:58  Infestation Pit  
  134  8:14  Zergling x6  
  137  8:20  Nydus Network  
  136  8:34  Swarm Host x7  
  136  8:40  Swarm Host x3  
  166  8:49  Zergling x10  
  166  8:51  Ravager  
  172  8:57  Hatchery  
  172  9:03  Nydus Canal  
  176  9:12  Ravager x2  
  176  9:19  Overseer  
  176  9:20  Hatchery, Pneumatized Carapace  
  176  9:21  Ravager x2  
  126  10:28  Overseer  
Spawning Tool Build Advisor. Get it on Overwolf

Analysis

We directly see during the first five minutes of the game that Zest is going for an aggressive build order by using a lot of adepts. Rogue will stop that aggression by producing queens and roaches Rogue then decide to harass with Swarm Host using nydus and to have a main army compose of zergling/roach/ravager

Go to:

Details

  • Created by: TuxSwarm
  • Published on: Apr 14, 2020
  • Modified on: Apr 27, 2020
  • Patch: 4.11.0
Show
View Real Time Build Order
Export as new Build Order

Comments (0)

There are no comments. Be the first!

Create an account to comment!